 Dungeon Crawl Stone Soup version 0.31-a0-198-g2ad674f65e (webtiles) character file.

Game seed: 12921325384833442388

18618 Demosthentine the Fighter (level 12, -1/99 HPs)
             Began as a Demonspawn Gladiator on June 25, 2023.
             Was an Elder of Qazlal.
             Killed from afar by a manticore (21 damage)
             ... with a volley of spikes
             ... on level 11 of the Dungeon on June 26, 2023.
             The game lasted 00:14:44 (9256 turns).

Demosthentine the Fighter (Demonspawn Gladiator)    Turns: 9256, Time: 00:14:48

Health: -1/99      AC: 19    Str: 17    XL:     12   Next: 29%
Magic:  17/17      EV: 20    Int: 10    God:    Qazlal [****..]
Gold:   603        SH:  5    Dex: 23    Spells: 11/11 levels left

rFire   . . .        z - +0 trident
rCold   . . .        (no shield)
rNeg    . . .        p - +1 leather armour {rPois}
rPois   +            N - +2 helmet
rElec   .            D - +1 cloak
rCorr   .            t - +0 pair of gloves
SInv    .            R - +0 pair of boots
Will    .....        j - amulet of regeneration
Stlth   +            m - +4 ring of protection
HPRegen 1.16/turn    l - +6 ring of dexterity
MPRegen 0.15/turn

%: repel missiles
@: spiked, studying 2 skills
A: thin metallic scales 2, powered by pain 1, spiny 2
a: Renounce Religion, Upheaval, Elemental Force


You were on level 11 of the Dungeon.
You worshipped Qazlal.
Qazlal was greatly pleased with you.
You visited 2 branches of the dungeon, and saw 13 of its levels.
You also visited: Sewer and Ossuary.

You collected 693 gold pieces.
You spent 90 gold pieces at shops.

Inventory:

Hand Weapons
 z - a +0 trident (weapon)
Missiles
 a - 23 poisoned darts
 c - 5 silver javelins
 e - a javelin
 w - 3 boomerangs of dispersal
 A - 13 boomerangs
 E - 3 throwing nets
 S - 6 curare-tipped darts
Armour
 p - a +1 leather armour of poison resistance (worn)
 t - a +0 pair of gloves (worn)
 D - a +1 cloak (worn)
 F - a +0 troll leather armour
 N - a +2 helmet (worn)
 P - a +0 buckler
 R - a +0 pair of boots (worn)
Jewellery
 d - a ring of flight
 j - an amulet of regeneration (around neck)
 l - a +6 ring of dexterity (right hand)
 m - a +4 ring of protection (left hand)
 o - a ring of willpower
 q - a ring of ice
 G - a ring of ice
Wands
 B - a wand of digging (11)
 C - a wand of mindburst (15)
 M - a wand of roots (5)
Scrolls
 b - a scroll of poison
 r - 2 scrolls of enchant armour
 v - 5 scrolls of identify
 y - 6 scrolls of teleportation
 J - a scroll of fear
 K - a scroll of amnesia {unknown}
 O - 2 scrolls of revelation
 Q - 3 scrolls of blinking
Potions
 f - 2 potions of might
 g - 3 potions of curing
 h - 2 potions of heal wounds
 i - 3 potions of brilliance
 k - a potion of resistance
 n - 5 potions of lignification
 s - 4 potions of haste
 u - a potion of magic
 x - 2 potions of ambrosia
 H - a potion of cancellation
 I - 2 potions of enlightenment
 L - a potion of mutation


   Skills:
 + Level 10.6 Fighting
 + Level 10.0 Polearms
 + Level 2.7 Throwing
 - Level 6.3 Armour
 + Level 10.0 Dodging
 + Level 1.8 Shields
 + Level 7.8 Invocations


You had 11 spell levels left.
You didn't know any spells.
Your spell library contained the following spells:

 Spells                   Type           Power      Damage    Failure   Level
 Apportation              Tloc           0%         N/A       41%         1
 Freeze                   Ice            0%         1d3       41%         1
 Necrotise                Necr           0%         1d4       41%         1
 Sandblast                Erth           0%         2d4       41%         1
 Summon Small Mammal      Summ           0%         N/A       41%         1
 Cigotuvi's Dreadful Rot  Necr/Pois/Air  0%         N/A       56%         2
 Passwall                 Tmut/Erth      0%         N/A       56%         2
 Frozen Ramparts          Ice            0%         1d1       80%         3
 Hailstorm                Conj/Ice       0%         3d3       80%         3
 Ignite Poison            Fire/Tmut/Pois 0%         N/A       80%         3
 Mephitic Cloud           Conj/Pois/Air  0%         N/A       80%         3
 Ozocubu's Armour         Ice            0%         N/A       80%         3
 Stone Arrow              Conj/Erth      0%         3d7       80%         3
 Ice Form                 Ice/Tmut       0%         N/A       99%         4
 Summon Ice Beast         Ice/Summ       0%         N/A       99%         4
 Freezing Cloud           Conj/Ice/Air   0%         6-21      100%        5
 Simulacrum               Ice/Necr       0%         N/A       100%        6
 Starburst                Conj/Fire      0%         6d3       100%        6
 Ozocubu's Refrigeration  Ice            0%         4d7       100%        7


Dungeon Overview and Level Annotations

Branches:
Dungeon (12/15)            Temple (1/1) D:6            Lair (0/5) D:11
    Orc (0/2) D:10          Sewer (visited)         Ossuary (visited)

Altars:
Ashenzari
Cheibriados
Dithmenos
Fedhas
Gozag
Hepliaklqana
Kikubaaqudgha
Makhleb
Nemelex Xobeh
Okawaru
Qazlal
Ru
Sif Muna
Trog
Uskayaw
Vehumet
Wu Jian
Xom
Yredelemnul

Shops:
D:3 ?   D:12 (


Innate Abilities, Weirdness & Mutations

You are mostly covered in thin metallic scales. (AC +3)
You sometimes gain a little power by taking damage.
You are mostly covered in sharp spines.


Message History

The two-headed ogre hits you with a +0 giant club!
* * * LOW HITPOINT WARNING * * *
The orc priest barely misses you. The orc warrior misses you.
You feel less confused.
The orc priest calls upon Beogh to heal the orc warrior.
The orc warrior is healed somewhat.
The orc warrior is struck by your spines.
You kill the orc warrior!
Qazlal accepts your kill.
You hit the two-headed ogre.
You kill the two-headed ogre!
Qazlal accepts your kill.
The manticore flicks its tail.
The volley of spikes is repelled.
Unknown command.
You closely miss the orc priest.
The orc priest is lightly wounded.
The orc priest looks encouraged for a moment.
The manticore flicks its tail.
The volley of spikes is repelled.
You puncture the orc priest!
The orc priest is almost dead.
You barely miss the orc priest.
The orc priest is almost dead.
The yak is struck by your spines. The yak misses you.
The orc priest hits you with a +0 falchion.
* * * LOW HITPOINT WARNING * * *
You closely miss the orc priest.
The orc priest is almost dead.
The manticore flicks its tail.
The volley of spikes is repelled.
The orc priest begins to cast a cantrip, but forgets the words!
You block the yak's attack.
You puncture the orc priest!
You kill the orc priest!
Qazlal accepts your kill.
The manticore flicks its tail.
The volley of spikes hits you!!
The barbed spikes become lodged in your body.
You die...

##.....##.....##
##..............#
#.........)......
########................
#......#................
..........####.....###
......☼°..##.........#
##..○...#........P..
#°@................
#Y)).........>.....
#.#)..#..P......PP.
#.#.####........P..
..#H# ##.........#
.#.#.# ###.....###
.##.#.# #.#..#### ..
#.#.# ......... .# #....
.#.#####


You could see a manticore and a yak.

Vanquished Creatures
  Gastronok (D:8)
  Fannar (D:11)
  A centaur warrior (D:12)
  5 two-headed ogres
  A flayed ghost (D:8)
  Pikel (D:4)
  An ugly thing (D:11)
  Maggie (D:9)
  2 gargoyles
  3 trolls
  Prince Ribbit (D:6)
  A shadow (D:8)
  7 fire bats (D:8)
  5 wraiths
  2 wyverns
  12 yaks
  A basilisk (D:11)
  A steam dragon (D:8)
  2 water moccasins
  Duvessa (D:7)
  2 acid dragons
  4 black bears
  Pargi (Sewer)
  4 orc warriors
  3 ogres
  3 centaurs
  4 phantoms
  A kobold brigand (D:6)
  2 bullfrogs (D:8)
  2 gnoll sergeants
  12 scorpions
  A wight (D:7)
  Dowan (D:7)
  29 killer bees
  3 hounds
  3 centaur zombies (Ossuary)
  2 human zombies (Ossuary)
  9 orc priests
  2 gnoll boudas (D:4)
  3 sleepcaps
  4 iguanas
  5 scorpion zombies (Ossuary)
  9 orc wizards
  3 mummies (Ossuary)
  24 gnolls
  7 adders
  3 river rats (D:4)
  A shadow imp (D:7)
  3 white imps
  An ufetubus (D:6)
  8 worms
  51 orcs
  51 bats
  4 endoplasms
  2 giant cockroaches
  A gnoll zombie (Ossuary)
  8 goblins
  11 hobgoblins
  2 jackals (D:2)
  12 kobolds
  A quokka (D:4)
  8 ball pythons
  2 frilled lizards (D:3)
  A goblin zombie (Ossuary)
  2 hobgoblin zombies (Ossuary)
  2 kobold zombies (Ossuary)
  An orc zombie (Ossuary)
  A quokka zombie (D:5)
  5 rats
  A rat zombie (D:5)
375 creatures vanquished.

Vanquished Creatures (others)
  A killer bee (D:7)
  An orc (D:7)
2 creatures vanquished.

Grand Total: 377 creatures vanquished

Notes
Turn   | Place    | Note
-------+----------+-------------------------------------------
     0 | D:1      | Demosthentine the Demonspawn Gladiator began the quest for
                  | the Orb.
     0 | D:1      | Reached XP level 1. HP: 16/16 MP: 1/1
   152 | D:1      | Gained mutation: You are partially covered in sharp spines.
                  | [demonic ancestry]
   152 | D:1      | Reached XP level 2. HP: 21/22 MP: 2/2
   675 | D:2      | Reached skill level 1 in Armour
   677 | D:2      | Reached XP level 3. HP: 9/28 MP: 3/3
  1037 | D:2      | Identified the +2 whip of the Apocalypse {chaos, Dex+3}
  1125 | D:2      | Gained mutation: You sometimes gain a little power by
                  | taking damage. [demonic ancestry]
  1125 | D:2      | Reached XP level 4. HP: 34/34 MP: 4/4
  1376 | D:3      | Identified the +4 ring mail "Vizxif" {rC+ Int+2}
  1602 | D:3      | Gained mutation: You are partially covered in thin metallic
                  | scales. (AC +2) [demonic ancestry]
  1602 | D:3      | Reached XP level 5. HP: 41/41 MP: 5/5
  1963 | D:3      | Found Cuoschua's Magic Scroll Emporium.
  1966 | D:3      | Bought a scroll of enchant armour for 90 gold pieces
  2061 | D:4      | Noticed a phantom
  2080 | D:4      | Killed a phantom
  2081 | D:4      | Reached XP level 6. HP: 23/47 MP: 6/6
  2107 | D:4      | Identified the +3 war axe of the Evening {antimagic, rC-
                  | rN+ Str+4 Stlth+}
  2182 | D:4      | Found a glowing drain.
  2188 | Sewer    | Entered a sewer
  2212 | Sewer    | Noticed Pargi
  2235 | Sewer    | Killed Pargi
  2244 | Sewer    | Identified the +0 robe of the Blizzard {*Corrode rPois
                  | Str+3}
  2498 | D:4      | Found a shadowy altar of Dithmenos.
  2782 | D:4      | Found a snail-covered altar of Cheibriados.
  3200 | D:5      | Entered Level 5 of the Dungeon
  3245 | D:5      | Noticed a water moccasin
  3252 | D:5      | Noticed Pikel
  3254 | D:5      | Gained mutation: You are mostly covered in thin metallic
                  | scales. (AC +3) [demonic ancestry]
  3254 | D:5      | Reached XP level 7. HP: 54/54 MP: 7/7
  3254 | D:5      | Noticed a two-headed ogre
  3272 | D:4      | HP: 1/55 [Pikel/+2 whip of freezing (2)]
  3289 | D:4      | Killed Pikel
  3290 | D:4      | Reached skill level 5 in Fighting
  3290 | D:4      | Reached skill level 5 in Polearms
  3290 | D:4      | Reached skill level 5 in Dodging
  3290 | D:4      | Reached XP level 8. HP: 24/62 MP: 8/8
  3377 | D:4      | Killed a two-headed ogre
  3378 | D:4      | Reached skill level 5 in Armour
  3383 | D:4      | Gained mutation: You are mostly covered in sharp spines.
                  | [demonic ancestry]
  3383 | D:4      | Reached XP level 9. HP: 36/69 MP: 9/9
  3637 | D:5      | Found a stormy altar of Qazlal.
  3657 | D:5      | Found a sand-covered staircase.
  3670 | Ossuary  | Entered an ossuary
  4070 | D:5      | Found a sacrificial altar of Ru.
  4369 | D:6      | Noticed Prince Ribbit
  4404 | D:6      | Killed Prince Ribbit
  4906 | D:6      | Reached XP level 10. HP: 72/79 MP: 10/10
  5085 | D:6      | Found a staircase to the Ecumenical Temple.
  5205 | Temple   | Entered the Ecumenical Temple
  5205 | Temple   | Found a transporter.
  5205 | Temple   | Found a transporter.
  5207 | Temple   | Found a transporter.
  5207 | Temple   | Found a transporter.
  5481 | D:7      | Noticed Duvessa
  5502 | D:7      | Killed Duvessa
  5508 | D:7      | Noticed Dowan
  5514 | D:7      | Killed Dowan
  5900 | D:8      | Noticed Gastronok
  5944 | D:8      | Killed Gastronok
  6024 | D:5      | Became a worshipper of Qazlal Stormbringer
  6128 | D:8      | Reached skill level 1 in Invocations
  6261 | D:8      | Noticed a two-headed ogre
  6270 | D:8      | Killed a two-headed ogre
  6486 | D:8      | Found a runed translucent door.
  6505 | D:8      | Reached XP level 11. HP: 83/89 MP: 13/13
  6525 | D:8      | Found an iron altar of Okawaru.
  6529 | D:8      | Reached * piety under Qazlal
  6539 | D:8      | Found a shimmering altar of Xom.
  6550 | D:8      | Found a hide-covered altar of Uskayaw.
  6566 | D:8      | Found an iron altar of Okawaru.
  6660 | D:8      | Found a shimmering blue altar of Sif Muna.
  6681 | D:8      | Found a sparkling altar of Nemelex Xobeh.
  6685 | D:8      | Reached ** piety under Qazlal
  6878 | D:8      | Noticed a flayed ghost
  6893 | D:8      | Killed a flayed ghost
  6898 | D:8      | Got Tocruqora's Tome of Shivering Destruction
  7023 | D:9      | Noticed Maggie
  7026 | D:9      | Found a hazy altar of Hepliaklqana.
  7053 | D:9      | Killed Maggie
  7054 | D:9      | Reached skill level 5 in Invocations
  7056 | D:9      | Found an opulent altar of Gozag.
  7094 | D:9      | Found an iron altar of Okawaru.
  7104 | D:9      | You fall into a shaft and drop 3 floors!
  7104 | D:12     | Found Alaot's Antique Weapon Boutique.
  7144 | D:12     | Noticed a centaur warrior
  7161 | D:12     | Killed a centaur warrior
  7220 | D:12     | Noticed a cyan ugly thing
  7311 | D:11     | Noticed Fannar
  7328 | D:11     | Killed Fannar
  7329 | D:11     | Reached skill level 10 in Fighting
  7338 | D:10     | Entered Level 10 of the Dungeon
  7692 | D:9      | Found Baegiwap's General Store.
  7827 | D:9      | Found a blossoming altar of Fedhas.
  7853 | D:9      | Found a basalt altar of Yredelemnul.
  7856 | D:9      | Found a shimmering blue altar of Sif Muna.
  7862 | D:9      | Found a hide-covered altar of Uskayaw.
  7865 | D:9      | Found a burning altar of Makhleb.
  8224 | D:10     | Reached *** piety under Qazlal
  8304 | D:10     | Noticed a two-headed ogre
  8318 | D:10     | Killed a two-headed ogre
  8327 | D:10     | Reached XP level 12. HP: 48/98 MP: 17/17
  8396 | D:10     | Noticed a two-headed ogre
  8410 | D:10     | Killed a two-headed ogre
  8632 | D:10     | Reached skill level 1 in Shields
  8800 | D:10     | Found a staircase to the Orcish Mines.
  9030 | D:11     | Noticed a boulder beetle
  9073 | D:11     | Reached **** piety under Qazlal
  9074 | D:11     | Reached skill level 10 in Polearms
  9153 | D:11     | Noticed a centaur warrior
  9198 | D:11     | Found a staircase to the Lair.
  9228 | D:11     | Reached skill level 10 in Dodging
  9231 | D:11     | Noticed a two-headed ogre
  9251 | D:11     | Killed a two-headed ogre
  9256 | D:11     | Killed from afar by a manticore

Illustrated notes

Levels and vault maps discovered:
D:1:      minmay_arrival_stair_chambers, layout_rooms
D:2:      layout_basic
D:3:      layout_loops_ring, serial_shops, nicolae_shop_real_fake_doors
D:4:      layout_gridville, mainiacjoe_overflow_surrounded_room,
          nicolae_overflow_hidden_temple, lightli_sewer_entry_pipes
D:5:      layout_cave_pools, mainiacjoe_overflow_boulevard, minitemple,
          enter_ossuary_4, uniq_pikel
D:6:      layout_loops_cross, minmay_temple_entry_fiery, uniq_prince_ribbit1
D:7:      layout_rooms, minmay_manual_moon, uniq_duvessa
D:8:      due_megacathedral, layout_basic, uniq_gastronok
D:9:      layout_cross, nicolae_overflow_hallway_of_the_gods,
          kennysheep_little_box, mainiacjoe_overflow_alcove_2,
          nicolae_inconvenience_store, uniq_maggie
D:10:     layout_irregular_city, hiddenorc1_lemuel
D:11:     minmay_the_grid_plus [minmay_the_grid_slots, minmay_the_grid_odd_star,
          minmay_the_grid_spikes, minmay_the_grid_minigrid_small_alt,
          minmay_the_grid_prize_diamond_cup], layout_rooms, david_lair_generic,
          minivault_12, uniq_fannar
D:12:     layout_roguey, serial_shops, nicolae_shop_tiny_statue_garden, shop,
          minmay_fractal_squares_gapless_7
Temple:   hellmonk_temple_divided_pantheon

Skill      XL: |  1  2  3  4  5  6  7  8  9 10 11 12 |
---------------+-------------------------------------+-----
Polearms       | 3 4 5 6 7 8 9 10 | 10.0
Armour         | 1 2 3 4 5 6 |  6.3
Dodging        | 3 4 5 6 7 8 9 10 | 10.0
Fighting       | 3 4 5 6 7 9 10 | 10.6
Invocations    | 3 7 |  7.8
Throwing       | 2 |  2.7
Shields        | 1 |  1.8

Action                     |  1- 3 |  4- 6 |  7- 9 | 10-12 || total
---------------------------+-------+-------+-------+-------++-------
  Melee: Trident           |   106 |   227 |   258 |   619 ||  1210
         Punch             |       |     4 |     3 |    16 ||    23
         Spear             |       |       |    77 |       ||    77
  Throw: Throwing net      |       |       |     3 |       ||     3
    Use: Scroll            |     2 |     8 |     8 |     5 ||    23
         Potion            |       |     1 |     2 |     4 ||     7
   Stab: Sleeping          |       |     5 |     3 |     1 ||     9
         Held in net/web   |       |       |     1 |       ||     1
 Armour: Leather armour    |    23 |    89 |   136 |   150 ||   398
  Dodge: Dodged            |    47 |   143 |   377 |   504 ||  1071
         Repelled          |       |       |       |     4 ||     4
  Block: Other             |       |       |       |    61 ||    61

Table legend: (Time is in decaauts)
 A = Elapsed time spent in this place.
 B = Non-inter-level travel time spent in this place.
 C = Inter-level travel time spent in this place.
 D = Time resting spent in this place.
 E = Time spent auto-exploring this place.
 F = Levels seen in this place.
 G = Mean time per level.
                   A        B        C        D        E       F      G
               +--------+--------+--------+--------+--------+-----+--------+
         Total |   9254 |   8478 |    776 |    270 |   5672 |  15 |  616.9 |
       Dungeon |   8756 |   7981 |    775 |    270 |   5512 |  12 |  729.7 |
        Temple |     33 |     33 |      0 |      0 |      6 |   1 |   33.0 |
         Sewer |    114 |    114 |      0 |      0 |     39 |   1 |  114.0 |
       Ossuary |    350 |    350 |      0 |      0 |    115 |   1 |  350.0 |
               +--------+--------+--------+--------+--------+-----+--------+

Top non-repeatable levels by time:
     D:4: 1380 daAuts
    D:10: 954 daAuts
     D:9: 900 daAuts
     D:8: 896 daAuts
     D:6: 874 daAuts
     D:2: 736 daAuts
     D:3: 700 daAuts
     D:7: 672 daAuts
     D:1: 623 daAuts
     D:5: 597 daAuts
 Ossuary: 350 daAuts
    D:11: 220 daAuts
    D:12: 198 daAuts
   Sewer: 114 daAuts
  Temple: 33 daAuts
